AoeStats
← Peng

Arabia

510546034Analyzed
1v1 RM · 16h ago on Oct 1, 2026· 31m 47s· 2 players
Game mode
Random Map
Map size
Tiny (2 player)
Population
200
Speed
Normal
Resources
Standard
Victory
Conquest
Starting age
Dark Age
Ending age
Imperial Age
RankedLock teamsTeams togetherTeam positionsShared explorationLock speedFull tech treeHidden civsTurbo modeCheats
Victory
Defeat
🇹🇷 Poles · Türkiye
1056
+18
🇺🇸 Poles · United States
1093
-18
kalbim95_comak
2:50 Loom
10:00 Feudal Age
13:40 Double-Bit Axe
21:39 Castle Age
20:12 Scale Barding Armor
20:34 Horse Collar
20:46 Gold Mining
21:20 Forging
22:27 Husbandry
27:19 Heavy Plow
29:42 Wheelbarrow
Peng
6:24 Loom
9:36 Feudal Age
10:47 Double-Bit Axe
12:10 Horse Collar
22:29 Castle Age
22:05 Fletching
22:57 Crossbowman
23:47 Thumb Ring
24:15 Pikeman
25:13 Forging
24:59 Bodkin Arrow
Connection lost

Rejoining the realm…

Still unreachable

The connection could not be restored.

Session expired

The server has moved on; the page needs a fresh start.